 Dungeon Crawl Stone Soup version 0.25-a0-94-g9e23508adf (webtiles) character file.

Game seed: 9780945470274854698, levelgen mode: deterministic

1502216 kreghek the Slayer (level 27, 207/207 HPs)
             Began as an Octopode Monk on Nov 11, 2019.
             Was the Champion of Okawaru.
             Escaped with the Orb
             ... and 3 runes!
             The game lasted 03:09:13 (91623 turns).

kreghek the Slayer (Octopode Monk)                 Turns: 91623, Time: 03:09:14

Health: 207/207    AC: 15    Str: 23    XL:     27
Magic:  39/39      EV: 40    Int: 15    God:    Okawaru [******]
Gold:   492        SH: 30    Dex: 22    Spells: 7/50 levels left

rFire    + + .     SeeInvis +   p - +9 double sword (holy)
rCold    + . .     Gourm    .   N - +6 large shield {AC+3}
rNeg     + . .     Faith    .   W - +2 hat of the Bear Spirit {Spirit, +Rage rN+ MR++}
rPois    .         Spirit   +   C - amulet of the Air {Inacc +Fly rElec EV+5 RMsl}
rElec    +         Reflect  .   a - ring "Biqaum" {rF+ MR+ SInv}
rCorr    +         Harm     .   U - +2 ring of protection
MR       +++++     Clarity  +   J - ring "Poenodd" {Str+2 Slay+2}
Stlth    ++........             z - ring of Broken Luck {rC+ rCorr}
HPRegen  0.44/turn              V - ring of Sumaqeg {rF+ Dex+6}
MPRegen  0.26/turn              E - +6 ring of evasion
                                u - +4 ring of protection
                                q - ring of Ozutt {AC+3 Str+3 Int-3}

@: repel missiles
A: almost no armour, stealthy swim, amphibious, 8 rings, constrict 8, camouflage
1, clarity, clever 1, gelatinous body 1
0: Orb of Zot
}: 3/15 runes: decaying, serpentine, slimy
a: Heroism, Finesse, Renounce Religion, Evoke Berserk Rage, Evoke Flight


You escaped.
You worshipped Okawaru.
Okawaru was exalted by your worship.
You were not hungry.

You visited 11 branches of the dungeon, and saw 54 of its levels.
You visited the Abyss 1 time.
You visited 2 bazaars.
You also visited: Trove and Wizlab.

You collected 9844 gold pieces.
You spent 9352 gold pieces at shops.

Inventory:

Hand Weapons
 e - the +1 broad axe of Xocwy {drain, +Inv Int+3 Dex+4, unknown}
   (Okawaru gifted it to you on level 5 of the Realm of Zot)

   A truly terrible weapon, it drains the life of those it strikes.
   It affects your intelligence (+3).
   It affects your dexterity (+4).
   It lets you turn invisible.
 p - a +9 double sword of holy wrath (weapon)
 O - the +12 Vampire's Tooth {vamp}
   (You took it off a deep elf annihilator on level 3 of the Elven Halls)

   It inflicts no extra harm, but heals its wielder when it wounds a living foe.
Missiles
 f - 6 throwing nets (quivered) {!f}
Armour
 N - a +6 large shield of protection (worn)
 W - the +2 hat of the Bear Spirit (worn) {Spirit, +Rage rN+ MR++}
   (You found it on level 3 of the Depths)

   It protects you from negative energy.
   It affects your resistance to hostile enchantments.
   It lets you go berserk.
Jewellery
 a - the ring "Biqaum" (left tentacle) {rF+ MR+ SInv}
   (You found it on level 1 of the Depths)

   [ring of see invisible]

   It protects you from fire.
   It affects your resistance to hostile enchantments.
   It lets you see invisible.
 c - the ring "Buast" {Str+3 Dex+3 Stlth+}
   (You found it in a treasure trove)

   [ring of stealth]

   It affects your strength (+3).
   It affects your dexterity (+3).
   It makes you more stealthy.
 n - the ring "Wagapugoa" {rF+ MP+9}
   (You bought it in a shop on level 2 of the Orcish Mines)

   [ring of magical power]

   It protects you from fire.
   It affects your magic capacity (+9).
 q - the ring of Ozutt (on tentacle) {AC+3 Str+3 Int-3}
   (You took it off a deep elf demonologist on level 4 of the Vaults)

   [ring of protection]

   It affects your AC (+3).
   It affects your strength (+3).
   It affects your intelligence (-3).
 u - a +4 ring of protection (on tentacle)
 z - the ring of Broken Luck (on tentacle) {rC+ rCorr}
   (You bought it in a shop on level 1 of the Depths)

   [ring of resist corrosion]

   It protects you from cold.
   It provides partial protection from all sources of acid and corrosion.
 C - the amulet of the Air (around mantle) {Inacc +Fly rElec EV+5 RMsl}
   (You found it on level 1 of the Lair of Beasts)

   [amulet of inaccuracy]

   It reduces the accuracy of all your attacks.
   It affects your evasion (+5).
   It insulates you from electricity.
   It lets you fly.
   It protects you from missiles.
 E - a +6 ring of evasion (on tentacle)
 G - the ring of Zeasad {rPois Dex+3}
   (You found it on level 15 of the Dungeon)

   [ring of dexterity]

   It affects your dexterity (+3).
   It protects you from poison.
 J - the ring "Poenodd" (on tentacle) {Str+2 Slay+2}
   (You took it off a deep elf death mage on level 4 of the Depths)

   [ring of slaying]

   It affects your strength (+2).
   It affects your accuracy and damage with ranged weapons and melee attacks
   (+2).
 K - an uncursed ring of wizardry
 S - the amulet of Seoxzeps {Gourm -Tele rC+ rN+ Dex+3}
   (You bought it in a shop on level 2 of the Orcish Mines)

   [amulet of the gourmand]

   It allows you to eat raw meat even when not hungry.
   It affects your dexterity (+3).
   It protects you from cold.
   It protects you from negative energy.
   It prevents most forms of teleportation.
 U - a +2 ring of protection (right tentacle)
 V - the ring of Sumaqeg (on tentacle) {rF+ Dex+6}
   (You acquired it on level 2 of the Swamp)

   [ring of dexterity]

   It affects your dexterity (+6).
   It protects you from fire.
 Y - a +5 ring of strength
Wands
 x - a wand of digging (10)
 H - a wand of iceblast (43)
 M - a wand of acid (56)
 Q - a wand of paralysis (39)
 X - a wand of enslavement (13)
 Z - a wand of scattershot (3)
Scrolls
 d - a scroll of holy word
 r - 8 scrolls of fog
 t - 7 scrolls of blinking
 w - 2 scrolls of fear
 y - 15 scrolls of teleportation {@r3}
 A - 4 scrolls of summoning
 B - a scroll of silence
Potions
 g - 8 potions of mutation
 h - 5 potions of might
 i - 10 potions of lignification
 k - 8 potions of invisibility
 m - 14 potions of heal wounds
 o - 4 potions of curing {@q1}
 s - 3 potions of resistance
 v - 11 potions of haste
 F - 5 potions of agility
 I - 5 potions of ambrosia
 L - 5 potions of cancellation
 P - 5 potions of magic
 R - 7 potions of brilliance
Miscellaneous
 l - a lamp of fire
 D - a phial of floods
 T - 4 boxes of beasts
Comestibles
 b - 47 rations


   Skills:
 - Level 22.0 Fighting
 - Level 8.0(12.2) Short Blades
 + Level 14.5(15.2) Long Blades
 - Level 12.0 Axes
 + Level 17.2 Dodging
 - Level 11.0 Stealth
 - Level 20.0 Shields
 - Level 12.0 Spellcasting
 - Level 12.0 Hexes
 - Level 5.0 Charms
 - Level 14.0 Summonings
 - Level 5.0 Necromancy
 - Level 6.0 Translocations
 - Level 5.0 Air Magic
 - Level 9.0 Invocations
 + Level 17.5 Evocations


You had 7 spell levels left.
You knew the following spells:

 Your Spells              Type           Power        Failure   Level  Hunger
a - Blink                 Tloc           N/A          1%          2    None
b - Summon Forest         Summ/Tloc      #####.....   7%          5    #####..
c - Shadow Creatures      Summ           N/A          8%          6    ######.
d - Apportation           Tloc           ####..       1%          1    None
e - Regeneration          Chrm/Necr      ###.......   6%          3    None
f - Animate Dead          Necr           N/A          19%         4    ###....
g - Aura of Abjuration    Summ           ######....   1%          5    #####..
h - Confusing Touch       Hex            #####.       1%          1    None
i - Summon Mana Viper     Hex/Summ       #####...     1%          5    #####..
j - Passwall              Tmut/Erth      #.......     22%         2    None
k - Silence               Hex/Air        ####......   13%         5    #####..
l - Summon Lightning Spi  Summ/Air       #####...     3%          4    ###....

Your spell library contained the following spells:

 Spells                   Type           Power        Failure   Level  Hunger
 Animate Skeleton         Necr           N/A          1%          1    None
 Corona                   Hex            #####..      1%          1    None
 Infusion                 Chrm           ###.         1%          1    None
 Pain                     Necr           ###.         1%          1    None
 Summon Small Mammal      Summ           ####         1%          1    None
 Call Imp                 Summ           ######..     1%          2    None
 Ensorcelled Hibernation  Hex/Ice        ####..       1%          2    None
 Slow                     Hex            #####...     1%          2    None
 Call Canine Familiar     Summ           ######..     1%          3    None
 Confuse                  Hex            #####...     1%          3    None
 Portal Projectile        Hex/Tloc       #####.       1%          3    None
 Recall                   Summ/Tloc      N/A          1%          3    None
 Spectral Weapon          Hex/Chrm       ####....     1%          3    None
 Summon Guardian Golem    Hex/Summ       #####...     1%          3    None
 Tukima's Dance           Hex            #####...     1%          3    None
 Cause Fear               Hex            #####.....   1%          4    ###....
 Summon Demon             Summ           ######....   1%          5    #####..
 Shroud of Golubria       Chrm/Tloc      ####..       2%          2    None
 Corpse Rot               Necr           N/A          3%          2    None
 Song of Slaying          Chrm           ###.....     3%          2    None
 Sublimation of Blood     Necr           ###.......   3%          2    None
 Swiftness                Chrm/Air       ###.....     3%          2    None
 Dazzling Spray           Conj/Hex       ####..       3%          3    None
 Gell's Gravitas          Tloc           ####......   3%          3    None
 Inner Flame              Hex/Fire       ####....     3%          3    None
 Shock                    Conj/Air       ###.         5%          1    None
 Vampiric Draining        Necr           ###.......   6%          3    None
 Poisonous Vapours        Pois/Air       ###...       9%          2    None
 Summon Ice Beast         Ice/Summ       ####....     9%          4    ###....
 Leda's Liquefaction      Hex/Erth       ####......   13%         4    ###....
 Flame Tongue             Conj/Fire      #....        16%         1    None
 Magic Dart               Conj           #...         16%         1    None
 Sandblast                Erth           #.....       16%         1    None
 Sting                    Conj/Pois      #...         16%         1    None
 Static Discharge         Conj/Air       ###.....     16%         3    None
 Darkness                 Hex            #####.....   17%         6    ######.
 Airstrike                Air            ###.......   19%         4    ###....
 Mephitic Cloud           Conj/Pois/Air  ##......     22%         3    None
 Metabolic Englaciation   Hex/Ice        ####......   34%         5    #####..
 Yara's Violent Unravell  Hex/Tmut       ####......   34%         5    #####..
 Monstrous Menagerie      Summ           ######....   38%         7    #######
 Summon Greater Demon     Summ           ######....   38%         7    #######
 Summon Hydra             Summ           ######....   38%         7    #######
 Conjure Flame            Conj/Fire      #.......     41%         3    None
 Ignite Poison            Fire/Tmut/Pois #.......     41%         3    None
 Stone Arrow              Conj/Erth      #.....       41%         3    None
 Agony                    Necr           ###.....     47%         5    #####..
 Dispel Undead            Necr           ###.....     47%         5    #####..
 Excruciating Wounds      Chrm/Necr      ###.......   47%         5    #####..
 Ice Form                 Ice/Tmut       #.......     83%         4    ###....
 Olgreb's Toxic Radiance  Pois           #.......     83%         4    ###....
 Petrify                  Tmut/Erth      #.......     83%         4    ###....
 Bolt of Draining         Conj/Necr      ###.......   83%         5    #####..
 Borgnjor's Vile Clutch   Necr/Erth      ###.......   83%         5    #####..
 Lightning Bolt           Conj/Air       ###.......   83%         5    #####..
 Malign Gateway           Summ/Tloc      #####.....   91%         7    #######
 Bolt of Magma            Conj/Fire/Erth #.........   99%         5    #####..
 Fireball                 Conj/Fire      #.........   99%         5    #####..
 Lee's Rapid Deconstruct  Erth           #.........   99%         5    #####..
 Venom Bolt               Conj/Pois      #.........   99%         5    #####..
 Bolt of Cold             Conj/Ice       #.........   100%        6    ######.
 Bolt of Fire             Conj/Fire      #.........   100%        6    ######.
 Freezing Cloud           Conj/Ice/Air   ##........   100%        6    ######.
 Hydra Form               Tmut           #.........   100%        6    ######.
 Iron Shot                Conj/Erth      #.........   100%        6    ######.
 Ozocubu's Refrigeration  Ice            #.........   100%        6    ######.
 Simulacrum               Ice/Necr       ###.......   100%        6    ######.
 Dragon Form              Tmut           #.........   100%        7    #######
 Ring of Flames           Chrm/Fire      ###.......   100%        7    #######
 Summon Horrible Things   Summ           ######....   97%         8    #######
 Disjunction              Tloc           ####......   100%        8    #######
 Ignition                 Fire           #.........   100%        8    #######
 Dragon's Call            Summ           ######....   100%        9    #######
 Shatter                  Erth           #.........   100%        9    #######


Dungeon Overview and Level Annotations

Branches:
Dungeon (15/15)            Temple (1/1) D:5            Lair (6/6) D:11
  Swamp (4/4) Lair:4        Snake (4/4) Lair:2        Slime (5/5) Lair:6
    Orc (2/2) D:10            Elf (3/3) Orc:2        Vaults (4/5) D:13
  Crypt (0/3) Vaults:3     Depths (5/5) D:15            Zot (5/5) Depths:5
 WizLab (visited)

Altars:
Ashenzari
Cheibriados
Elyvilon
Fedhas
Gozag
Hepliaklqana
Nemelex Xobeh
Okawaru
Qazlal
Ru
Sif Muna
Trog
Uskayaw
Wu Jian
Xom
Yredelemnul
Zin
Jiyva
Lugonu

Shops:
D:6 (   D:8 *   D:9 }!?   D:15 [   Orc:1 %   Orc:2 =*%(   Elf:3 :   Snake:3 [(?
Depths:1 }==   Depths:2 :   Depths:5 }(*%[

Portals:
Hell: Depths:1 Depths:2 Depths:3 Depths:4 Depths:5
Abyss: Depths:3 Depths:4
Pandemonium: Depths:3 Depths:5
Ziggurat: Depths:1

Annotations:
Lair:5 exclusion: 3 oklob plants
Swamp:3 1 runed translucent door, Zoador's ghost, adept HuBe


Innate Abilities, Weirdness & Mutations

You cannot wear most types of armour.
You are very stealthy in the water. (Stealth+)
You are amphibious.
You can wear up to eight rings at the same time.
You can use your tentacles to constrict eight enemies at once.
Your skin changes colour to match your surroundings (Stealth+).
Your rubbery body absorbs attacks. (AC +1, EV +1)
You possess an exceptional clarity of mind.
Your mind is acute. (Int +2)


Message History

There is a stone staircase leading down here.
There is a stone staircase leading up here.
You climb upwards.
There is a stone staircase leading down here.
You open the door.
There is an open door here.
There is an open door here.
There is an open door here.
There is a stone staircase leading up here.
You climb upwards.
There is a stone staircase leading down here.
There is a stone staircase leading up here.
You climb upwards.
There is a stone staircase leading down here.
You see here a plate armour.
There is a stone staircase leading up here.
You climb upwards.
There is a stone staircase leading down here.
There is a staircase leading out of the dungeon here.
You have escaped!

#...# #.#.# ##...#
#.#.###
.....#####.#...##
.#.#.........#..####
...........####§..§#
.#.#.####### #..§)#
.....# #....# ####.#
#....# .....# #.@>.#
###### ######


There were no monsters in sight!

Vanquished Creatures
  the Royal Jelly (Slime:5)
  2 juggernauts
  4 ancient liches
  3 orbs of fire (Zot:5)
  Frederick (Vaults:2)
  Boris (Depths:5)
  8 Killer Klowns
  Saint Roka (Vaults:3)
  Xtahua (Vaults:4)
  2 curse toes (Zot:3)
  8 golden dragons
  Nikola (Snake:2)
  A Brimstone Fiend (Depths:4)
  2 electric golems (Zot:5)
  24 Orb Guardians
  15 tentacled monstrosities
  7 liches
  A titan (Depths:4)
  Asterion (Elf:2)
  3 deep elf blademasters
  6 quicksilver dragons
  2 deep elf master archers (Elf:3)
  9 acid blobs (Slime:5)
  An ancient champion (WizLab)
  Gastronok (Lair:3)
  7 death cobs
  A sphinx (Depths:5)
  The ghost of Epselah the Severer, an adept MiBe of Trog (D:15)
  8 shadow dragons
  5 nagarajas (Snake:4)
  5 fire giants
  6 draconian monks
  12 storm dragons
  Donald (Vaults:3)
  4 tengu reavers
  22 frost giants
  10 azure jellies
  Louise (Snake:3)
  12 vault wardens
  3 draconian knights
  5 deep elf sorcerers
  A cacodemon (D:13)
  2 ghost moths (Zot:5)
  2 draconian scorchers
  4 draconian shifters (Zot:5)
  3 deep elf elementalists
  Aizul (Snake:1)
  3 iron dragons
  2 war gargoyles (Vaults:4)
  2 spriggan defenders (Depths:3)
  2 orc warlords
  A reaper (D:14)
  17 very ugly things
  An angel (Depths:1)
  2 draconian stormcallers (Zot:4)
  5 draconian annihilators
  11 ironheart preservers
  5 vampire knights
  10 black draconians
  An entropy weaver (Vaults:1)
  21 stone giants
  9 green draconians
  8 deep elf demonologists
  10 purple draconians
  5 yellow draconians
  8 deep elf annihilators (Elf:3)
  5 red draconians
  9 white draconians
  2 green deaths (Swamp:4)
  8 spark wasps
  13 deep elf death magi
  2 death oozes (Slime:5)
  11 ettins
  12 fire dragons
  6 deep elf high priests
  3 jiangshi (Depths:2)
  15 yaktaur captains
  Josephine (Swamp:1)
  2 rakshasas
  19 vault guards
  Erolcha (D:10)
  17 ice dragons
  14 great orbs of eyes
  21 hydras
  13 naga warriors
  6 spriggan air magi
  A shambling mangrove (Swamp:3)
  Erica (D:9)
  17 ogre magi
  3 catoblepae
  12 anacondas
  45 two-headed ogres
  A two-headed ogre (shapeshifter) (Depths:1)
  7 centaur warriors
  An anaconda (shapeshifter) (Elf:3)
  22 dancing weapons
  A death knight (Vaults:4)
  7 alligators
  5 deep troll shamans
  2 vampire magi
  10 deep troll earth magi
  7 death yaks
  2 orc high priests (Depths:3)
  6 spriggan berserkers
  12 tengu warriors
  15 naga sharpshooters
  13 shock serpents
  A thrashing horror (Swamp:4)
  A soul eater (Depths:5)
  18 deep elf knights
  7 hell knights
  3 iron trolls
  7 salamander mystics
  A small abomination (Elf:3)
  A shadow wraith (Vaults:4)
  A sixfirhy (D:13)
  An unseen horror (D:15)
  7 naga ritualists
  2 shadow demons (Depths:3)
  2 spriggan druids (Swamp:3)
  6 flayed ghosts
  2 glowing orange brains
  12 skeletal warriors
  19 deep trolls
  4 swamp dragons (Swamp:4)
  5 wizards
  A death drake (Depths:5)
  12 deep elf archers
  14 ironbrand convokers
  Pikel (D:9)
  2 phantasmal warriors (Vaults:4)
  12 lindwurms
  4 necromancers
  8 orc knights
  A tengu zombie (Depths:1)
  A mana viper (shapeshifter) (Vaults:3)
  59 deep elf magi
  2 oklob plants (Lair:6)
  8 harpies
  46 ugly things
  2 orc sorcerers
  18 mana vipers
  2 wolf spiders
  3 manticores
  9 salamanders
  A frost giant zombie (Vaults:1)
  2 salamanders (shapeshifter)
  5 cyclopes
  7 moths of wrath
  A moth of wrath (shapeshifter) (D:15)
  10 guardian serpents
  A stone giant skeleton (Vaults:3)
  19 naga magi
  48 black mambas
  Psyche (D:10)
  A human skeleton (Vaults:3)
  Joseph (D:9)
  18 vault sentinels
  5 orange demons
  A centaur skeleton (D:14)
  13 spiny frogs
  A hellion (Depths:5)
  3 kobold demonologists
  7 rime drakes
  9 komodo dragons
  An ice devil (Depths:5)
  A rime drake (shapeshifter) (Vaults:1)
  An efreet (D:13)
  43 yaktaurs
  A komodo dragon (shapeshifter) (D:15)
  A red devil (Depths:5)
  6 freezing wraiths
  14 trolls
  5 tengu conjurers
  2 guardian mummies (Depths:4)
  A polar bear (shapeshifter) (Vaults:1)
  7 hornets
  A harpy skeleton (D:15)
  4 blink frogs
  A wind drake (Depths:5)
  3 meliai (D:15)
  10 tyrant leeches
  A hippogriff (shapeshifter) (D:15)
  77 slime creatures
  A wolf spider simulacrum (D:14)
  9 hippogriffs
  A blink frog (shapeshifter) (D:15)
  7 bog bodies
  A stone giant simulacrum (Vaults:3)
  A redback (shapeshifter) (Depths:4)
  Sigmund (D:6)
  A spriggan skeleton (Depths:1)
  28 flying skulls (D:13)
  10 vampires
  2 shadows
  A tarantella (Vaults:1)
  3 redbacks (Vaults:1)
  A tarantella (shapeshifter) (Vaults:4)
  3 large abominations (Swamp:4)
  2 yaks (shapeshifter)
  4 spriggans
  An ettin skeleton (Vaults:3)
  25 yaks
  4 wraiths
  3 water elementals
  5 wyverns
  Eustachio (D:5)
  3 fire elementals
  A golden eye (shapeshifter) (Vaults:4)
  A chaos spawn (Abyss:2)
  4 hungry ghosts
  7 basilisks
  A spriggan simulacrum (Depths:1)
  2 golden eyes (Slime:5)
  Menkaure (D:6)
  A neqoxec (Abyss:2)
  40 nagas
  7 wargs
  2 acid dragons
  5 insubstantial wisps (Swamp:3)
  20 swamp worms
  2 floating eyes
  8 water moccasins
  A water moccasin (shapeshifter) (Depths:4)
  A deep troll skeleton (Vaults:1)
  5 porcupines
  2 elf skeletons
  7 swamp drakes
  31 orc warriors
  3 ice beasts
  4 slaves (D:9)
  3 eyes of draining
  A hornet zombie (D:7)
  3 black bears
  A necrophage (D:9)
  61 ogres
  11 boggarts
  An ogre (shapeshifter) (D:14)
  8 centaurs
  9 wolves (Lair:2)
  9 crocodiles
  9 big kobolds
  2 earth elementals
  16 bullfrogs
  2 wyvern zombies
  A human simulacrum (Vaults:1)
  5 killer bees (D:8)
  2 scorpions
  An orc simulacrum (Vaults:1)
  8 troll zombies (WizLab)
  15 wights
  5 howler monkeys
  6 crimson imps
  A centaur zombie (D:12)
  4 bullfrog zombies
  4 quasits
  A gnoll shaman (D:5)
  3 hounds
  18 orc priests
  6 human zombies
  2 jellies
  30 orc wizards
  A bullfrog skeleton (D:5)
  Jessica (D:2)
  2 iguanas
  7 worker ants
  8 ogre zombies (WizLab)
  2 hound zombies
  3 gnolls (D:4)
  2 howler monkey skeletons
  13 adders
  3 shadow imps
  2 white imps (Depths:5)
  An ufetubus (Depths:5)
  An adder skeleton (D:7)
  2 worms
  A dart slug (D:1)
  2 leopard geckos
  83 orcs
  7 bats
  10 giant cockroaches
  11 hobgoblins
  11 jackals
  20 kobolds
  11 quokkas
  2 ball pythons
  5 frilled lizards
  5 goblins
  A leopard gecko skeleton (D:4)
  5 rats
  A fungus (Lair:5)
2099 creatures vanquished.

Vanquished Creatures (collateral kills)
  Mara (Vaults:4)
  An ancient lich (Zot:5)
  A Killer Klown (Zot:5)
  2 Orb Guardians (Zot:5)
  Jorgrun (D:15)
  A death cob (Zot:5)
  A storm dragon (Zot:5)
  A draconian scorcher (Zot:5)
  A draconian shifter (Zot:5)
  A green draconian (Zot:5)
  A yellow draconian (Zot:5)
  A white draconian (Zot:5)
  3 catoblepae
  2 two-headed ogres (Orc:2)
  A death knight (D:15)
  A vampire mage (Depths:5)
  A hell knight (Depths:5)
  2 manticores (Lair:6)
  A shining eye (Slime:5)
  An oklob plant (Lair:5)
  A vault sentinel (Vaults:4)
  A spiny frog (Lair:4)
  3 komodo dragons
  A troll (Orc:2)
  A hippogriff (Lair:5)
  A flying skull (D:13)
  A wraith (Swamp:1)
  3 wyverns (D:14)
  8 yaks (Lair:6)
  A fire elemental (Elf:2)
  2 basilisks (D:14)
  A warg (Orc:2)
  A water moccasin (Lair:5)
  An orc warrior (Orc:2)
  An ice beast (D:12)
  A swamp drake (Swamp:4)
  3 ogres (Orc:2)
  A crocodile (Lair:6)
  A centaur (D:12)
  A fungus (Lair:6)
  3 plants (Lair:5)
62 creatures vanquished.

Vanquished Creatures (others)
  A golden dragon (Zot:4)
  A fire giant (Depths:3)
  2 vault guards (D:13)
  A centaur warrior (D:15)
  2 two-headed ogres (D:13)
  4 death yaks
  A cyclops (D:13)
  A spiny frog (Lair:2)
  A naga mage (Snake:4)
  A gargoyle (D:11)
  A wind drake (Depths:5)
  A water elemental (Elf:1)
  3 flying skulls (D:13)
  A basilisk (Lair:2)
  3 yaks
  A naga (Snake:4)
  2 water moccasins
  A porcupine (Lair:1)
  2 orc warriors
  A boggart (Depths:2)
  2 wolves (Lair:2)
  2 ogres
  A centaur (D:15)
  2 crocodiles
  A big kobold (D:9)
  2 wights
  A howler monkey (D:8)
  A bullfrog skeleton (D:11)
  2 human zombies (D:13)
  An orc priest (D:12)
  An orc wizard (D:10)
  2 worker ants
  An adder (D:10)
  An orc (Orc:1)
  13 fungi
  8 plants
  2 snaplasher vines (Vaults:4)
  2 withered plants (Swamp:3)
76 creatures vanquished.

Grand Total: 2237 creatures vanquished

Notes
Turn   | Place    | Note
-------+----------+-------------------------------------------
     0 | D:1      | kreghek the Octopode Monk began the quest for the Orb.
     0 | D:1      | Reached XP level 1. HP: 16/16 MP: 1/1
    60 | D:1      | Reached XP level 2. HP: 21/21 MP: 2/2
   468 | D:1      | Reached XP level 3. HP: 22/26 MP: 3/3
   846 | D:2      | Noticed Jessica
   850 | D:2      | Killed Jessica
   873 | D:2      | Reached skill level 1 in Shields
   873 | D:2      | Reached XP level 4. HP: 14/33 MP: 4/4
  1192 | D:2      | Found a sacrificial altar of Ru.
  1204 | D:2      | Reached skill level 4 in Fighting
  1209 | D:2      | Became a worshipper of Ru the Awakened
  1601 | D:2      | Reached XP level 5. HP: 38/38 MP: 5/5
  2569 | D:3      | Reached skill level 1 in Axes
  2831 | D:4      | Reached XP level 6. HP: 44/44 MP: 6/6
  2942 | D:4      | Found a white marble altar of Elyvilon.
  3204 | D:5      | Entered Level 5 of the Dungeon
  3206 | D:5      | Reached skill level 5 in Fighting
  3525 | D:5      | Found a staircase to the Ecumenical Temple.
  3535 | Temple   | Entered the Ecumenical Temple
  3556 | Temple   | Fell from the grace of Ru
  3556 | Temple   | Became a worshipper of Warmaster Okawaru
  3688 | D:5      | Noticed Eustachio
  3714 | D:5      | Killed Eustachio
  3714 | D:5      | Reached * piety under Okawaru
  3714 | D:5      | Reached skill level 1 in Invocations
  3714 | D:5      | Reached XP level 7. HP: 45/51 MP: 7/7
  3784 | D:5      | Reached skill level 6 in Fighting
  4046 | D:5      | Found a stormy altar of Qazlal.
  5002 | D:4      | Found a white marble altar of Elyvilon.
  5607 | D:5      | Learned a level 2 spell: Blink
  5610 | D:5      | Learned a level 2 spell: Call Imp
  5634 | D:6      | Found Wujuz's Antique Weapon Boutique.
  5670 | D:6      | Bought a glowing war axe for 149 gold pieces
  5680 | D:6      | Reached XP level 8. HP: 24/58 MP: 9/9
  5681 | D:6      | Noticed Sigmund
  5871 | D:6      | Killed Sigmund
  6099 | D:6      | Reached skill level 7 in Fighting
  6549 | D:6      | Found a snail-covered altar of Cheibriados.
  6550 | D:6      | Noticed Menkaure
  6554 | D:6      | Killed Menkaure
  6554 | D:6      | Reached ** piety under Okawaru
  6554 | D:6      | Reached skill level 5 in Shields
  6648 | D:6      | Identified a scroll of acquirement
  6684 | D:7      | Found a blossoming altar of Fedhas.
  6721 | D:7      | Found a sparkling altar of Nemelex Xobeh.
  7129 | D:7      | Found a shattered altar of Ashenzari.
  7183 | D:7      | Noticed a hippogriff
  7199 | D:7      | Killed a hippogriff
  7199 | D:7      | Reached skill level 1 in Evocations
  7199 | D:7      | Reached XP level 9. HP: 61/64 MP: 9/12
  7623 | D:7      | Found a blossoming altar of Fedhas.
  7662 | D:7      | Found a shattered altar of Ashenzari.
  8027 | D:8      | Reached skill level 5 in Axes
  8113 | D:8      | Reached skill level 8 in Fighting
  8208 | D:8      | Found an opulent altar of Gozag.
  8211 | D:8      | Found Gozag's Platinum Reserve.
  8212 | D:8      | Reached *** piety under Okawaru
  9016 | D:8      | Found an ornate altar of the Wu Jian Council.
  9127 | D:8      | Reached skill level 5 in Invocations
  9367 | D:8      | Learned a level 3 spell: Mephitic Cloud
  9469 | D:9      | Noticed a cyclops
  9473 | D:9      | Killed a cyclops
  9473 | D:9      | Reached XP level 10. HP: 14/73 MP: 13/13
  9746 | D:9      | Noticed a kobold demonologist
  9769 | D:9      | Reached skill level 9 in Fighting
  9790 | D:9      | Noticed Joseph
  9970 | D:9      | Killed Joseph
 10072 | D:9      | Reached skill level 5 in Dodging
 10203 | D:9      | Found Omokkunn's Magic Scroll Boutique.
 10211 | D:9      | Bought a scroll of blinking for 97 gold pieces
 10211 | D:9      | Bought a scroll of blinking for 97 gold pieces
 10211 | D:9      | Bought a scroll of fog for 26 gold pieces
 10368 | D:9      | Noticed Erica
 10662 | D:8      | Found an ornate altar of the Wu Jian Council.
 10941 | D:8      | Found an opulent altar of Gozag.
 10943 | D:8      | Found Gozag's Platinum Reserve.
 11188 | D:8      | Killed a kobold demonologist
 11221 | D:9      | Killed Erica
 11221 | D:9      | Reached **** piety under Okawaru
 11246 | D:9      | Found Etywkokk's Distillery.
 11275 | D:9      | Bought a potion of heal wounds for 65 gold pieces
 11645 | D:9      | Noticed Pikel
 11690 | D:9      | Killed Pikel
 11690 | D:9      | Reached XP level 11. HP: 80/80 MP: 14/14
 11921 | D:9      | Found Huodyak's Gadget Emporium.
 11977 | D:10     | Entered Level 10 of the Dungeon
 11981 | D:10     | Noticed Erolcha
 11987 | D:10     | Killed Erolcha
 11987 | D:10     | Reached skill level 10 in Fighting
 11987 | D:10     | Reached skill level 5 in Evocations
 12629 | D:10     | Noticed Psyche
 12633 | D:10     | Killed Psyche
 12737 | D:10     | Found a staircase to the Orcish Mines.
 13133 | D:10     | Found a staircase to the Orcish Mines.
 13651 | D:10     | Found a staircase to the Orcish Mines.
 13777 | D:11     | Found a staircase to the Lair.
 13791 | D:11     | Noticed a four-headed hydra
 13797 | D:11     | Killed a four-headed hydra
 13797 | D:11     | Reached skill level 1 in Translocations
 13801 | D:11     | Noticed a purple ugly thing
 13826 | D:11     | Killed a purple ugly thing
 13866 | D:11     | Reached skill level 1 in Spellcasting
 14038 | D:11     | Noticed a red ugly thing
 14045 | D:11     | Killed a red ugly thing
 14316 | D:11     | Found a staircase to the Lair.
 14523 | D:9      | Bought a potion of heal wounds for 65 gold pieces
 14523 | D:9      | Bought a potion of heal wounds for 65 gold pieces
 14523 | D:9      | Bought a potion of lignification for 39 gold pieces
 14523 | D:9      | Bought a potion of lignification for 39 gold pieces
 14567 | Lair:1   | Entered Level 1 of the Lair of Beasts
 14628 | Lair:1   | Received a gift from Okawaru
 14908 | Lair:1   | Received a gift from Okawaru
 15389 | Lair:1   | Noticed a four-headed hydra
 15395 | Lair:1   | Killed a four-headed hydra
 15395 | Lair:1   | Reached XP level 12. HP: 88/88 MP: 16/16
 15843 | Lair:1   | Found the amulet of the Air {Inacc +Fly rElec EV+5 RMsl}
 16699 | Lair:1   | Learned a level 1 spell: Animate Skeleton
 16703 | Lair:1   | Learned a level 3 spell: Regeneration
 16708 | Lair:1   | Learned a level 4 spell: Animate Dead
 16938 | Lair:2   | Reached skill level 1 in Necromancy
 17537 | Lair:2   | Reached skill level 1 in Charms
 17907 | Lair:2   | Found a staircase to the Snake Pit.
 18135 | Lair:2   | Reached ***** piety under Okawaru
 18135 | Lair:2   | Reached skill level 11 in Fighting
 18610 | Lair:2   | Found a staircase to the Snake Pit.
 19277 | Snake:1  | Entered Level 1 of the Snake Pit
 19294 | Lair:3   | Noticed Gastronok
 19297 | Lair:3   | Noticed a seven-headed hydra
 19553 | Lair:3   | Killed Gastronok
 19615 | Lair:3   | Killed a seven-headed hydra
 19631 | Lair:3   | Received a gift from Okawaru
 20745 | Lair:4   | Reached skill level 10 in Axes
 20991 | Lair:4   | Noticed a catoblepas
 21211 | Lair:4   | Found a staircase to the Swamp.
 21270 | Lair:4   | Reached XP level 13. HP: 94/94 MP: 15/18
 22181 | Lair:5   | Found a shimmering blue altar of Sif Muna.
 22949 | Lair:6   | Entered Level 6 of the Lair of Beasts
 23382 | Lair:5   | Found a shimmering blue altar of Sif Muna.
 23876 | Lair:5   | Found a shimmering blue altar of Sif Muna.
 24159 | Lair:6   | Reached skill level 12 in Fighting
 24766 | Lair:6   | Received a gift from Okawaru
 24856 | Lair:6   | Identified Guell's Catalogue of the Rocks
 24869 | Lair:6   | Got a brightly glowing buckler
 25059 | Lair:6   | Reached skill level 5 in Necromancy
 25362 | Lair:6   | Reached XP level 14. HP: 85/102 MP: 20/20
 26141 | Lair:6   | Found a staircase to the Slime Pits.
 27234 | D:9      | Bought a wand of digging (6) for 320 gold pieces
 27247 | D:9      | Identified the cursed +0 buckler of Good Intentions {rF+
                  | rCorr Int-5 Dex+2} (You found it on level 6 of the Lair of
                  | Beasts)
 27418 | Lair:4   | Reached skill level 5 in Charms
 27624 | D:12     | Found a bloodstained altar of Trog.
 27846 | D:12     | Reached skill level 10 in Shields
 28390 | D:12     | Received a gift from Okawaru
 28390 | D:12     | Reached skill level 10 in Dodging
 28612 | D:12     | Found a bloodstained altar of Trog.
 29620 | D:13     | You fall into a shaft and drop 1 floor!
 29968 | D:13     | Found a gate to the Vaults.
 30293 | D:12     | Found a bloodstained altar of Trog.
 30982 | D:12     | Found a bloodstained altar of Trog.
 31581 | D:13     | Noticed a vampire knight
 31863 | D:13     | Found a basalt altar of Yredelemnul.
 31969 | D:13     | Reached skill level 13 in Fighting
 31969 | D:13     | Reached XP level 15. HP: 102/109 MP: 19/21
 32424 | D:13     | Found a gate to the Vaults.
 32660 | D:13     | Found a basalt altar of Yredelemnul.
 33147 | D:13     | Learned a level 5 spell: Summon Forest
 33326 | Orc:1    | Entered Level 1 of the Orcish Mines
 33330 | Orc:1    | Found Idod's Food Boutique.
 33361 | Orc:1    | Reached skill level 1 in Summonings
 33577 | Orc:2    | Entered Level 2 of the Orcish Mines
 33615 | Orc:2    | Found a staircase to the Elven Halls.
 33763 | Orc:2    | Found a flickering gateway to a bazaar.
 33774 | Bazaar   | Entered a bazaar
 33816 | Bazaar   | Found Rixzucw's Book Boutique.
 33820 | Bazaar   | Found Pute's Antique Weapon Boutique.
 33820 | Bazaar   | Found Zeluvam's Weapon Boutique.
 33821 | Bazaar   | Found Gaika's Weapon Boutique.
 33836 | Bazaar   | Bought 3 curare-tipped darts for 27 gold pieces
 33836 | Bazaar   | Bought a +1 trident of protection for 168 gold pieces
 34005 | Orc:1    | Found Eleozed's Distillery.
 34005 | Orc:1    | Noticed an orc warlord
 34029 | Orc:1    | Killed an orc warlord
 34400 | Orc:2    | Found Asurr's Jewellery Emporium.
 34440 | Orc:2    | Reached skill level 14 in Fighting
 34865 | Orc:1    | You fall into a shaft and drop 1 floor!
 35416 | Orc:2    | Reached skill level 5 in Translocations
 35449 | Orc:2    | Received a gift from Okawaru
 35453 | Orc:2    | Found Luduj's Food Shoppe.
 35454 | Orc:2    | Found Caefokon's Antique Weapon Shop.
 35591 | Orc:2    | Noticed an orc warlord
 35638 | Orc:2    | Killed an orc warlord
 35728 | Orc:2    | Bought a +4 ring of protection for 576 gold pieces
 35728 | Orc:2    | Bought the ring "Wagapugoa" {rF+ MP+9} for 544 gold pieces
 35797 | Orc:2    | Found Arayplem's General Store.
 35805 | Orc:2    | Bought a scroll of teleportation for 39 gold pieces
 36206 | Orc:2    | Bought a runed war axe for 156 gold pieces
 36444 | D:14     | Found a shimmering altar of Xom.
 36571 | D:14     | Reached skill level 5 in Summonings
 36578 | D:14     | Found a blossoming altar of Fedhas.
 37511 | D:14     | Reached XP level 16. HP: 119/119 MP: 22/22
 37512 | D:14     | Received a gift from Okawaru
 37640 | D:14     | Learned a level 5 spell: Aura of Abjuration
 37641 | D:15     | Entered Level 15 of the Dungeon
 37667 | D:15     | Noticed Jorgrun
 37685 | D:15     | Killed Jorgrun
 37935 | D:15     | Reached skill level 15 in Fighting
 38016 | D:14     | Received a gift from Okawaru
 38016 | D:14     | Reached skill level 5 in Spellcasting
 38019 | D:14     | Got a translucent buckler {god gift}
 38373 | D:15     | Identified the +1 buckler "Fytuser" {rC+ Int+8} (Okawaru
                  | gifted it to you on level 14 of the Dungeon)
 38598 | D:15     | Found Asiuceig's Armour Emporium.
 39400 | D:15     | Found a large runed translucent door.
 39400 | D:15     | Found a large runed translucent door.
 39407 | D:15     | Noticed Epselah's ghost (adept MiBe)
 39543 | D:15     | Found a staircase to the Depths.
 39728 | D:15     | Got a wavering glass ring
 39822 | D:14     | Identified the ring of Zeasad {rPois Dex+3} (You found it
                  | on level 15 of the Dungeon)
 39826 | D:14     | Learned a level 1 spell: Confusing Touch
 40034 | Orc:2    | Bought an uncursed ring of wizardry for 480 gold pieces
 40080 | Orc:1    | Bought a potion of invisibility for 104 gold pieces
 40080 | Orc:1    | Bought a potion of heal wounds for 65 gold pieces
 40080 | Orc:1    | Bought a potion of cancellation for 104 gold pieces
 40103 | Elf:1    | Entered Level 1 of the Elven Halls
 40500 | Elf:1    | Reached skill level 1 in Hexes
 41572 | Elf:1    | Received a gift from Okawaru
 42769 | Elf:2    | Reached XP level 17. HP: 83/128 MP: 26/26
 43828 | Elf:2    | Found a runed translucent gate.
 43828 | Elf:2    | Found a runed translucent gate.
 43828 | Elf:2    | Found a runed translucent gate.
 43855 | Elf:3    | Entered Level 3 of the Elven Halls
 43919 | Elf:3    | Reached skill level 16 in Fighting
 44328 | Elf:3    | Found Juump's Book Shoppe.
 45322 | Elf:3    | Noticed a deep elf blademaster
 45354 | Elf:3    | Killed a deep elf blademaster
 45354 | Elf:3    | Received a gift from Okawaru
 45385 | Elf:3    | Noticed a deep elf master archer
 45403 | Elf:3    | Killed a deep elf master archer
 46000 | Elf:3    | Noticed a deep elf master archer
 46007 | Elf:3    | Killed a deep elf master archer
 46007 | Elf:3    | Received a gift from Okawaru
 46337 | Elf:3    | Noticed a deep elf blademaster
 46353 | Elf:3    | Killed a deep elf blademaster
 46605 | Elf:3    | Reached skill level 10 in Summonings
 46626 | Elf:3    | Cast into level 2 of the Abyss (a deep elf sorcerer)
 46662 | Abyss:2  | Gained mutation: Scrolls take you a little longer to read.
                  | [a neqoxec]
 46688 | Elf:3    | Escaped the Abyss
 47243 | Elf:3    | Reached XP level 18. HP: 137/137 MP: 29/29
 47250 | Elf:3    | Identified the +9 trident of Perversion {pierce, rElec rF+
                  | Int-3 Stlth+}
 47690 | Elf:3    | Identified the +12 dagger of Finax {freeze, +Fly rF+ Str+2
                  | Dex+3}
 47690 | Elf:3    | Identified the cursed +0 plate armour of the Duke {+Fly
                  | rElec Regen+}
 47710 | Elf:3    | Reached skill level 5 in Hexes
 48047 | Elf:3    | Identified the Grimoire of Boosts and Displacement
 48242 | Elf:3    | Learned a level 5 spell: Summon Mana Viper
 48434 | Elf:2    | Received a gift from Okawaru
 48450 | Elf:2    | Got a distressingly furry hat {god gift}
 48454 | Elf:2    | Identified the +1 hat of Inviolability {+Fly Str-4 Int+5}
                  | (Okawaru gifted it to you on level 2 of the Elven Halls)
 48548 | Elf:2    | Noticed Asterion
 48642 | Elf:2    | Killed Asterion
 48840 | Elf:2    | Noticed a deep elf blademaster
 48914 | Elf:2    | Killed a deep elf blademaster
 49614 | D:9      | Bought a wand of paralysis (6) for 128 gold pieces
 49614 | D:9      | Bought a wand of acid (6) for 320 gold pieces
 49614 | D:9      | Bought a wand of iceblast (8) for 192 gold pieces
 49876 | Snake:1  | Reached skill level 5 in Short Blades
 50187 | Snake:1  | Noticed Aizul
 50279 | Snake:1  | Killed Aizul
 51178 | Snake:2  | Received a gift from Okawaru
 51187 | Snake:2  | Got a dazzling trident {god gift}
 51602 | Snake:2  | Reached skill level 10 in Evocations
 51675 | Snake:2  | Noticed Nikola
 51697 | Snake:2  | Killed Nikola
 51697 | Snake:2  | Reached skill level 17 in Fighting
 51984 | Snake:3  | Found Xoipsic's Magic Scroll Shoppe.
 51992 | Snake:3  | Bought a scroll of teleportation for 42 gold pieces
 52242 | Snake:3  | Reached XP level 19. HP: 135/144 MP: 31/31
 52251 | Snake:3  | Received a gift from Okawaru
 52272 | Snake:3  | Identified the +2 shield of the Armoured One {rElec rPois
                  | rN++ Dex-5} (Okawaru gifted it to you on level 3 of the
                  | Snake Pit)
 52274 | Snake:3  | Identified the +11 trident of the Blessed Realm {venom,
                  | *Rage *Slow Str+9 SInv} (Okawaru gifted it to you on level
                  | 2 of the Snake Pit)
 52333 | Snake:3  | Found Citapefe's Armour Boutique.
 52422 | Snake:3  | Found Wecsoxy's Antique Weapon Shop.
 52883 | Snake:3  | Noticed Louise
 52907 | Snake:3  | Killed Louise
 53434 | Snake:4  | Entered Level 4 of the Snake Pit
 54404 | Snake:4  | Received a gift from Okawaru
 54410 | Snake:4  | Identified the +0 shield "Listrengi" {rElec rF++ Str+4
                  | Dex-2} (Okawaru gifted it to you on level 4 of the Snake
                  | Pit)
 55472 | Snake:4  | Reached skill level 18 in Fighting
 55500 | Snake:4  | Reached ****** piety under Okawaru
 55606 | Snake:4  | Reached XP level 20. HP: 86/153 MP: 33/33
 56090 | Snake:4  | Received a gift from Okawaru
 56179 | Snake:4  | Got a serpentine rune of Zot
 56189 | Snake:4  | Learned a level 6 spell: Shadow Creatures
 56192 | Snake:4  | Learned a level 2 spell: Passwall
 56442 | Swamp:1  | Entered Level 1 of the Swamp
 56538 | Swamp:1  | Noticed Josephine
 56558 | Swamp:1  | Killed Josephine
 57178 | Swamp:2  | Identified the ring of Sumaqeg {rF+ Dex+6} (You acquired it
                  | on level 2 of the Swamp)
 57184 | Swamp:2  | Identified the amulet of Honesty {+Rage +Fly Str+4 Int+3}
                  | (You acquired it on level 2 of the Swamp)
 57415 | Swamp:2  | Got a pitted amethyst amulet
 57766 | Swamp:3  | Identified the amulet of Xaxoug Hoke {Faith rElec rF- Int-3
                  | SInv} (You found it on level 2 of the Swamp)
 58047 | Swamp:3  | Found a runed translucent door.
 58048 | Swamp:3  | Noticed Zoador's ghost (adept HuBe)
 58056 | Swamp:3  | Identified the +8 spear of the Ageless Shrikes {antimagic,
                  | rF- Dex+3 SInv}
 58415 | Swamp:3  | Reached skill level 10 in Spellcasting
 58581 | Swamp:4  | Entered Level 4 of the Swamp
 59201 | Swamp:4  | Received a gift from Okawaru
 59290 | Swamp:4  | Got a decaying rune of Zot
 59572 | Swamp:4  | Learned a level 1 spell: Apportation
 59578 | Swamp:4  | Learned a level 5 spell: Silence
 59876 | Orc:2    | Bought a potion of cancellation for 104 gold pieces
 59980 | D:9      | Bought a potion of haste for 130 gold pieces
 59980 | D:9      | Bought a potion of haste for 130 gold pieces
 59980 | D:9      | Bought 2 potions of curing for 78 gold pieces
 60058 | Orc:1    | Bought a potion of resistance for 130 gold pieces
 60260 | Vaults:1 | Entered Level 1 of the Vaults
 60501 | Vaults:1 | Reached skill level 19 in Fighting
 60524 | Vaults:1 | Reached skill level 1 in Air Magic
 60665 | Vaults:1 | Received a gift from Okawaru
 60720 | Vaults:1 | Identified the +0 shield of Moral Flaws {rF+ rC++ Regen+
                  | Stlth-} (Okawaru gifted it to you on level 1 of the Vaults)
 61190 | Vaults:1 | Reached XP level 21. HP: 162/162 MP: 35/35
 61250 | Vaults:1 | Identified the ring of Jurican {Fire *Corrode Str+2 Int+4
                  | Dex+8} (You acquired it on level 1 of the Vaults)
 62891 | Vaults:2 | Noticed Frederick
 62903 | Vaults:2 | Received a gift from Okawaru
 62913 | Vaults:2 | Killed Frederick
 63766 | Vaults:3 | Noticed Donald
 63800 | Vaults:3 | Killed Donald
 64051 | Vaults:3 | Noticed Saint Roka
 64111 | Vaults:3 | Killed Saint Roka
 64136 | Vaults:3 | Reached skill level 5 in Air Magic
 64269 | Vaults:3 | Found a staircase to the Crypt.
 64281 | Vaults:3 | Reached skill level 20 in Fighting
 64747 | Vaults:3 | Reached XP level 22. HP: 171/171 MP: 37/37
 64767 | Vaults:3 | Received a gift from Okawaru
 65561 | Vaults:4 | Found a flickering gateway to a bazaar.
 65577 | Bazaar   | Entered a bazaar
 65577 | Bazaar   | Found Baosut's General Store.
 65577 | Bazaar   | Found Azecics's General Store.
 65597 | Bazaar   | Found Baggiani's General Store.
 65597 | Bazaar   | Found Xoecyenu's General Store.
 65604 | Bazaar   | Bought a potion of heal wounds for 75 gold pieces
 65608 | Bazaar   | Bought a potion of magic for 96 gold pieces
 65608 | Bazaar   | Bought a scroll of teleportation for 36 gold pieces
 65608 | Bazaar   | Bought a scroll of teleportation for 36 gold pieces
 65619 | Bazaar   | Found Fulighudgh's General Store.
 65619 | Bazaar   | Found Nauheol's General Store.
 65626 | Bazaar   | Bought a potion of heal wounds for 60 gold pieces
 65630 | Bazaar   | Bought a potion of might for 52 gold pieces
 65641 | Bazaar   | Found Ilezxek's General Store.
 65641 | Bazaar   | Found Regezex's General Store.
 65648 | Bazaar   | Bought a scroll of blinking for 82 gold pieces
 65652 | Bazaar   | Bought a scroll of blinking for 67 gold pieces
 65674 | Bazaar   | Bought a potion of mutation for 80 gold pieces
 65678 | Bazaar   | Bought a potion of cancellation for 56 gold pieces
 65712 | Vaults:4 | Reached skill level 5 in Stealth
 65842 | Vaults:4 | Noticed Mara
 65869 | Vaults:4 | Killed Mara
 66932 | Vaults:4 | Noticed an ancient lich
 66971 | Vaults:4 | Noticed Xtahua
 66998 | Vaults:4 | Killed Xtahua
 66998 | Vaults:4 | Received a gift from Okawaru
 67880 | Vaults:4 | Killed an ancient lich
 67880 | Vaults:4 | Received a gift from Okawaru
 67925 | Vaults:4 | Identified the ring of Ozutt {AC+3 Str+3 Int-3}
 67981 | Vaults:4 | Received a gift from Okawaru
 68160 | Vaults:4 | Reached XP level 23. HP: 146/179 MP: 39/39
 68185 | Vaults:4 | Reached skill level 21 in Fighting
 68486 | Vaults:4 | Learned a level 4 spell: Summon Lightning Spire
 68706 | Depths:1 | Entered Level 1 of the Depths
 68716 | Depths:1 | Identified the ring "Biqaum" {rF+ MR+ SInv} (You found it
                  | on level 1 of the Depths)
 68766 | Depths:1 | Reached skill level 10 in Hexes
 68777 | Depths:1 | Found a gateway to a ziggurat.
 68793 | Depths:1 | Found a gateway to Hell.
 68811 | Depths:1 | Found a corrupted altar of Lugonu.
 68958 | Depths:1 | Found a magical portal.
 69284 | WizLab   | Noticed an antique lich
 69297 | WizLab   | Killed an antique lich
 69302 | WizLab   | Found the +9 sword of Zonguldrok {reap}
 69562 | Depths:1 | Found Kati's Jewellery Emporium.
 69564 | Depths:1 | Found Coaq's Gadget Shop.
 69569 | Depths:1 | Found Pisimotu's Jewellery Emporium.
 69585 | Depths:1 | Received a gift from Okawaru
 69682 | Depths:1 | Reached skill level 15 in Dodging
 70874 | Depths:2 | Received a gift from Okawaru
 70961 | Depths:2 | Found Belipo's Book Boutique.
 72838 | Depths:3 | Found a one-way gate leading to the halls of Pandemonium.
 73183 | Depths:3 | Reached XP level 24. HP: 145/189 MP: 39/39
 73228 | Depths:3 | Found a one-way gate to the infinite horrors of the Abyss.
 73960 | Depths:3 | Reached skill level 22 in Fighting
 74072 | Depths:3 | Found a shimmering blue altar of Sif Muna.
 74326 | Depths:3 | Identified the amulet "Qeamuoza" {RegenMP rF+ Dex+2}
 74511 | Depths:3 | Identified the Incunabulum of Companions
 74517 | Depths:3 | Found the +2 hat of the Bear Spirit {Spirit, +Rage rN+
                  | MR++}
 74917 | Depths:3 | Identified the cursed ring "Wuck" {Str-3 Int+3 Dex+5
                  | Stlth+}
 75115 | Depths:3 | Received a gift from Okawaru
 75187 | Depths:3 | Identified the +1 dagger of Opoacw {flame, +Rage Str+3
                  | Int-5 Dex+3} (Okawaru gifted it to you on level 3 of the
                  | Depths)
 75457 | Depths:4 | Found a portal to a secret trove of treasure.
 75671 | Depths:4 | Noticed a juggernaut
 75699 | Depths:4 | Killed a juggernaut
 76008 | Depths:4 | Received a gift from Okawaru
 76303 | Depths:4 | Reached XP level 25. HP: 195/195 MP: 39/39
 76592 | Depths:4 | Received a gift from Okawaru
 77341 | Depths:4 | Identified the ring "Poenodd" {Str+2 Slay+2}
 77346 | Depths:4 | Reached skill level 15 in Evocations
 77537 | Depths:4 | Reached skill level 15 in Shields
 77924 | Depths:4 | Identified the amulet "Kiowuaj" {+Rage Dex+2} (You acquired
                  | it on level 4 of the Depths)
 77927 | Depths:5 | Entered Level 5 of the Depths
 77954 | Depths:5 | Received a gift from Okawaru
 78084 | Depths:5 | Found Buifuu's Assorted Antiques.
 78084 | Depths:5 | Noticed a juggernaut
 78118 | Depths:5 | Killed a juggernaut
 78137 | Depths:5 | Found Rudoett's Weapon Shoppe.
 78235 | Depths:5 | Bought a wand of acid (6) for 424 gold pieces
 78235 | Depths:5 | Bought a wand of iceblast (13) for 212 gold pieces
 78398 | Depths:5 | Found Potsoedo's Gadget Shoppe.
 78406 | Depths:5 | Bought a box of beasts for 320 gold pieces
 78426 | Depths:5 | Noticed Boris
 78468 | Depths:5 | Killed Boris
 78537 | Depths:5 | Found Biph's Food Shop.
 78647 | Depths:5 | Found Gutaovue's Antique Armour Boutique.
 79252 | Depths:5 | Reached XP level 26. HP: 176/201 MP: 17/39
 79372 | Depths:5 | Found a gate to the Realm of Zot.
 79437 | Depths:5 | Received a gift from Okawaru
 80187 | Depths:3 | Identified the amulet of Ecrevacs {Reflect MR+ Int+4 SH+5}
 80355 | D:15     | Killed Epselah's ghost
 80750 | D:9      | Bought a scroll of enchant weapon for 97 gold pieces
 80750 | D:9      | Bought a scroll of enchant armour for 97 gold pieces
 81115 | Snake:3  | Bought a scroll of enchant armour for 105 gold pieces
 81115 | Snake:3  | Bought a scroll of enchant armour for 105 gold pieces
 82020 | Depths:1 | Bought the ring of Broken Luck {rC+ rCorr} for 612 gold
                  | pieces
 82342 | Lair:6   | Found a staircase to the Slime Pits.
 82362 | Slime:1  | Entered Level 1 of the Pits of Slime
 82376 | Slime:1  | Reached skill level 1 in Long Blades
 82467 | Slime:5  | Entered Level 5 of the Pits of Slime
 82502 | Slime:5  | Gained mutation: You are frail. (-10% HP) [a shining eye]
 82636 | Slime:5  | Found a viscous altar of Jiyva.
 82637 | Slime:5  | Noticed the Royal Jelly
 82643 | Slime:5  | Received a gift from Okawaru
 82645 | Slime:5  | Found the amulet of the Four Winds {rN+ MR+++ Clar}
 82654 | Slime:5  | Killed the Royal Jelly
 82697 | Slime:5  | Reached skill level 5 in Long Blades
 82766 | Slime:5  | Got a twisted buckler
 82814 | Slime:5  | Identified the +2 war axe "Jomurud" {flame, rElec Int+3}
                  | (You found it on level 5 of the Pits of Slime)
 82874 | Slime:5  | Identified the +5 buckler "Cuosoeb" {Int+5} (You found it
                  | on level 5 of the Pits of Slime)
 82877 | Slime:5  | Got a slimy rune of Zot
 83160 | D:9      | Bought a potion of mutation for 104 gold pieces
 83160 | D:9      | Bought a potion of magic for 104 gold pieces
 83160 | D:9      | Bought a potion of curing for 39 gold pieces
 83238 | Orc:1    | Bought a potion of brilliance for 52 gold pieces
 83238 | Orc:1    | Bought a potion of agility for 52 gold pieces
 83238 | Orc:1    | Bought a potion of brilliance for 52 gold pieces
 83238 | Orc:1    | Bought a potion of curing for 39 gold pieces
 83238 | Orc:1    | Bought a potion of curing for 39 gold pieces
 83238 | Orc:1    | Bought 2 potions of curing for 78 gold pieces
 83544 | Depths:4 | You paid a toll of 16 potions of curing to enter a treasure
                  | trove
 83545 | Trove    | Entered a treasure trove
 83561 | Trove    | Got a smoking platinum ring
 83571 | Trove    | Got a brightly glowing garnet amulet
 83574 | Trove    | Identified the amulet "Sostimp" {Harm *Drain +Blink rN+
                  | Str+3} (You found it in a treasure trove)
 83576 | Trove    | Identified the ring "Buast" {Str+3 Dex+3 Stlth+} (You found
                  | it in a treasure trove)
 83600 | Depths:4 | Lost mutation: Scrolls take you a little longer to read.
                  | [potion of mutation]
 83600 | Depths:4 | Lost mutation: You are frail. (-10% HP) [potion of
                  | mutation]
 83600 | Depths:4 | Gained mutation: You are frail. (-10% HP) [potion of
                  | mutation]
 83600 | Depths:4 | Lost mutation: You are frail. (-10% HP) [potion of
                  | mutation]
 83671 | Zot:1    | Entered Level 1 of the Realm of Zot
 84049 | Orc:2    | Bought the amulet of Seoxzeps {Gourm -Tele rC+ rN+ Dex+3}
                  | for 782 gold pieces
 84331 | Depths:1 | Bought a sack of spiders for 280 gold pieces
 84547 | D:9      | Bought a box of beasts for 320 gold pieces
 84547 | D:9      | Bought a box of beasts for 320 gold pieces
 85195 | Zot:3    | Noticed a Killer Klown
 85216 | Zot:3    | Killed a Killer Klown
 85353 | Zot:4    | Received a gift from Okawaru
 85870 | Zot:4    | Received a gift from Okawaru
 85876 | Zot:4    | Reached XP level 27. HP: 194/207 MP: 34/39
 87125 | Zot:3    | Reached skill level 10 in Long Blades
 87415 | Zot:4    | Got a heavily runed shield {god gift}
 87426 | Zot:4    | Identified the +5 shield of Zolimyton {+Blink rPois Int-3}
                  | (Okawaru gifted it to you on level 4 of the Realm of Zot)
 87465 | Zot:5    | Entered Level 5 of the Realm of Zot
 88275 | Zot:5    | Received a gift from Okawaru
 88322 | Zot:5    | Got a faintly glowing broad axe {god gift}
 88360 | Zot:5    | Noticed an ancient lich
 88367 | Zot:5    | Killed an ancient lich
 90255 | Zot:5    | Noticed an ancient lich
 90285 | Zot:5    | Killed an ancient lich
 90285 | Zot:5    | Received a gift from Okawaru
 90306 | Zot:5    | Noticed an orb of fire
 90326 | Zot:5    | Killed an orb of fire
 90660 | Zot:5    | Received a gift from Okawaru
 90672 | Zot:5    | Reached skill level 10 in Stealth
 90691 | Zot:5    | Noticed an orb of fire
 90707 | Zot:5    | Noticed an orb of fire
 90720 | Zot:5    | Killed an orb of fire
 90720 | Zot:5    | Gained mutation: You occasionally shout uncontrollably at
                  | your foes. [an orb of fire]
 90725 | Zot:5    | Gained mutation: You are frail. (-10% HP) [an orb of fire]
 90730 | Zot:5    | Killed an orb of fire
 90817 | Zot:5    | Noticed an ancient lich
 90826 | Zot:5    | Killed an ancient lich
 90848 | Zot:5    | Received a gift from Okawaru
 90916 | Zot:5    | Lost mutation: You are frail. (-10% HP) [potion of
                  | mutation]
 90916 | Zot:5    | Lost mutation: You occasionally shout uncontrollably at
                  | your foes. [potion of mutation]
 90916 | Zot:5    | Gained mutation: Your mind is acute. (Int +2) [potion of
                  | mutation]
 90916 | Zot:5    | Gained mutation: You possess an exceptional clarity of
                  | mind. [potion of mutation]
 90964 | Zot:5    | Got the Orb of Zot
 91456 | D:11     | Noticed Lioss the pandemonium lord
 91623 | D:$      | Escaped with the Orb!

Levels and vault maps discovered:
D:1:      dpeg_arrival_fog, layout_loops_ring, serial_glass, glass_columns_a,
          glass_columns_a, glass_columns_a, glass_columns_a, glass_columns_a,
          kennysheep_nondescript
D:2:      layout_rooms, serial_bayou, serial_bayou_pond_e, serial_bayou_shore_b,
          serial_bayou_crossing, serial_bayou_shore_a, serial_bayou_pond_d,
          first_ration, nicolae_ru_great_annihilating_truth, uniq_jessica
D:3:      layout_rooms
D:4:      layout_gridville, elyvilon_altar_4
D:5:      layout_rooms, minmay_temple_entry_wispy, basic_altar,
          kennysheep_donut, uniq_eustachio
D:6:      layout_basic, lemuel_coloured_pillars_altar, serial_shops, shop,
          uniq_menkaure, uniq_sigmund
D:7:      layout_basic, ashenzari_altar_1, fedhas_altar_1,
          nicolae_overflow_crystal_walls
D:8:      layout_gridville, old_standard_altar, nicolae_gozag_zags_fifth_avenue
D:9:      layout_roguey, serial_shops, nicolae_shop_statue_plus, shop, shop,
          special_room [special_room_kobold], uniq_erica, uniq_pikel,
          uniq_joseph
D:10:     layout_roguey, david_orc_4, uniq_erolcha, uniq_psyche
D:11:     layout_cave_pools, lair_entry_dummy
D:12:     layout_roguey, basic_altar, grunt_tengu_nest
D:13:     lemuel_vampire_tower, layout_irregular_city, erik_vaults_2,
          minmay_crystal_room
D:14:     layout_roguey, lemuel_doored_altar, special_room
          [special_room_mythical_zoo], basic_altar
D:15:     gammafunk_enter_depths_forms, layout_long_grid,
          grunt_decor_resistance, ebering_ghost_disaster_area, serial_shops,
          shop, uniq_jorgrun
Temple:   nicolae_temple_elliptical
Lair:1:   layout_misc_corridors, minmay_holes
Lair:2:   layout_layer_cave, guppyfry_snake_entry_island
Lair:3:   layout_layer_cave, uniq_gastronok
Lair:4:   layout_gridlike, skrybe_swamp_entry_bodies,
          grunt_forest_large_clearing_hut
Lair:5:   layout_regular_city, basic_altar, st_stairs_7,
          minmay_lair_oklob_chamber, grunt_megastairs_4
Lair:6:   evilmike_catoblepas_cave, layout_gridlike,
          minmay_slime_entry_oklob_enclosed, chequers_serial_rivers_small_3
Swamp:1:  layout_basic_swamp, hangedman_swamp_ruin_wall, uniq_josephine
Swamp:2:  layout_basic_swamp, evilmike_swamp_ruin_house_5
Swamp:3:  layout_falls_marsh, ebering_ghost_funeral_grove, serial_swamp_ruin,
          evilmike_swamp_ruin_house_1, evilmike_swamp_ruin_house_2, swamp_pool4
Swamp:4:  swamp_vile, layout_basic_swamp
Snake:1:  layout_chambers, uniq_aizul
Snake:2:  layout_basic, grunt_ministairs_2, lemuel_fruit_tree, uniq_nikola
Snake:3:  layout_chambers, serial_shops, shop, minmay_shoptagon, uniq_louise
Snake:4:  snake_pit_salamanders_mu, layout_cave_town
Slime:1:  layout_caves
Slime:2:  layout_caves
Slime:3:  layout_caves
Slime:4:  layout_caves, cheibrodos_slime_lost_civilization_5
Slime:5
Orc:1:    layout_diamond_mine, serial_shops, shop, shop
Orc:2:    st_orc_open, layout_diamond_mine, serial_shops, bzr_entry_safe
Elf:1:    kennysheep_blocky_room, layout_geoelf_diagonals,
          kennysheep_underground_church, st_stairs_13
Elf:2:    layout_rooms, nrook_uturn, uniq_asterion
Elf:3:    elf_hall, layout_geoelf_octagon, serial_shops, shop
Vaults:1: nicolae_vaults_angled_halls, vaults_room_pools,
          vaults_room_large_hall, hangedman_vaults_stretched_pinwheel,
          nicolae_vaults_arrows, st_squares, v_rooms_4, ontoclasm_vaults_pinch,
          grunt_vaults_focal, grunt_vaults_hallway_short, vaults_mumra_hex,
          hangedman_vaults_cutoff, nicolae_vaults_mini_display_case,
          layout_vaults_big_cross
Vaults:2: vaults_room_ringed_pool, v_misc_12, vaults_room_octagon,
          nicolae_vaults_big_angled_halls, v_alt_pattern_2,
          nicolae_vaults_border_crossing, serial_ice_m, vaults_dpeg_hooks,
          layout_vaults_ring, uniq_frederick
Vaults:3: nicolae_vaults_big_angled_halls, grunt_vaults_trifunnel,
          minmay_crypt_entry_nasty_monster, v_misc_26, nicolae_vaults_triangles,
          nicolae_vaults_little_ls, ontoclasm_vaults_ring_large,
          nicolae_vaults_three_branches, nicolae_vaults_big_ls, v_misc_14,
          nicolae_vaults_little_squares_2, layout_vaults_omnibox, uniq_donald,
          uniq_saint_roka
Vaults:4: v_misc_24, st_greater_box_3, nicolae_vaults_twisting_passages,
          hangedman_vaults_stitches, v_rooms_1, grunt_vaults_twisty,
          nicolae_vaults_network_periphery, v_pattern_4,
          nicolae_vaults_little_squares_1, nicolae_vaults_big_angled_halls,
          nicolae_vaults_little_squares_5, layout_vaults_maze, serial_shops,
          bzr_entry_customers, uniq_mara, uniq_xtahua
Depths:1: layout_cross, enter_ziggurat_f, chequers_serial_rivers_micro_d,
          mu_enter_wizlab_7, hell_entry, tgw_lugonu_bribe, minmay_shop_grove,
          firewood_loft
Depths:2: minmay_inside_and_out, layout_cave_pools, hell_entry, serial_shops,
          shop, minmay_staircase_windowed_large
Depths:3: evilmike_diamond_1, layout_cave_shapes, abyss_entry, pan_entry,
          hell_entry, minmay_fountain_box, hangedman_summoners_spam,
          infiniplex_staircase_spiral
Depths:4: minmay_the_grid_square_5x5_5x5
          [minmay_the_grid_square_5x5_intrusive_squares,
          minmay_the_grid_square_5x5_six, minmay_the_grid_square_5x5_mess,
          minmay_the_grid_square_5x5_checkered,
          minmay_the_grid_square_5x5_two_walls_a,
          minmay_the_grid_square_5x5_spiral,
          minmay_the_grid_square_5x5_prize_monsterx,
          minmay_the_grid_square_5x5_moneybag,
          minmay_the_grid_square_5x5_prize_pseudospiral,
          minmay_the_grid_square_5x5_plus, minmay_the_grid_square_5x5_six_small,
          minmay_the_grid_square_5x5_tetrominoes,
          minmay_the_grid_square_5x5_prize_rear_guard,
          minmay_the_grid_square_5x5_sharp_hourglass,
          minmay_the_grid_square_5x5_inset, minmay_the_grid_square_5x5_n_small,
          minmay_the_grid_square_5x5_prize_snowflake,
          minmay_the_grid_square_5x5_two_small,
          minmay_the_grid_square_5x5_prize_itemx,
          minmay_the_grid_square_5x5_detours,
          minmay_the_grid_square_5x5_beaten_path,
          minmay_the_grid_square_5x5_lines, minmay_the_grid_square_5x5_meh,
          minmay_the_grid_square_5x5_eight,
          minmay_the_grid_square_5x5_eight_small], layout_honeycomb,
          abyss_entry, hell_entry, bh_walls_and_bars,
          nicolae_trove_entry_path_of_doom
Depths:5: lemuel_castle_with_subvaults [lemuel_castle_interior_carwin_3],
          layout_basic, hell_entry, minmay_misc_feat_tiny,
          grunt_pan_entry_zigzag, serial_shops, shop, shop,
          nicolae_shop_behind_doors, shop, shop_fountains,
          chequers_serial_rivers_micro_e, uniq_boris
Zot:1:    nicolae_moth_party, layout_onion_interference, st_stairs_7
Zot:2:    layout_onion_interference
Zot:3:    gammafunk_mikee_crab_dinner, layout_cathedral_of_symmetry,
          zot_minivault_4
Zot:4:    layout_basic, grunt_ministairs_5, drop_trap, evilmike_ambush
          [evilmike_ambush_outer_pillars, evilmike_ambush_inner_basic]
Zot:5:    layout_misc_corridors

Skill      XL: |  1  2  3  4  5  6  7  8  9 10 11 12 13 14 15 16 17 18 19 20 21 22 23 24 25 26 27 |
---------------+----------------------------------------------------------------------------------+-----
Stealth        | 3 4 8 9 11 | 11.0
Shields        | 1 2 3 4 5 6 7 8 9 10 11 13 16 18 20 | 20.0
Fighting       | 4 5 6 7 8 9 10 11 12 13 14 15 16 17 18 19 20 21 22 | 22.0
Axes           | 1 2 4 6 7 9 10 11 12 | 12.0
Invocations    | 1 2 4 5 6 7 8 9 |  9.0
Evocations     | 1 3 4 6 7 9 10 11 12 13 14 16 17 | 17.5
Dodging        | 4 5 6 7 8 11 12 13 14 15 16 17 | 17.2
Translocations | 3 4 5 6 |  6.0
Spellcasting   | 2 3 4 6 7 8 9 10 11 12 | 12.0
Necromancy     | 2 5 |  5.0
Charms         | 2 4 5 |  5.0
Summonings     | 5 8 10 11 12 13 14 | 14.0
Hexes          | 2 4 6 8 9 10 11 12 | 12.0
Short Blades   | 6 7 8 |  8.0
Air Magic      | 2 5 |  5.0
Long Blades    | 9 14 | 14.5

Action                   |  1- 3 |  4- 6 |  7- 9 | 10-12 | 13-15 | 16-18 | 19-21 | 22-24 | 25-27 || total
-------------------------+-------+-------+-------+-------+-------+-------+-------+-------+-------++-------
Melee: Short sword       |    40 |    38 |       |       |       |       |       |       |       ||    78
       Constrict         |     8 |    28 |    49 |    71 |   124 |   156 |   193 |   157 |   147 ||   933
       Tentacles         |     7 |    19 |    42 |    83 |   276 |   457 |  1192 |  1499 |  1274 ||  4849
       War axe           |       |    81 |   199 |   343 |   931 |   653 |       |       |       ||  2207
       Punch             |       |       |     3 |     6 |    31 |    36 |    28 |    18 |    72 ||   194
       Demon whip        |       |       |       |       |       |     3 |       |       |       ||     3
       Quick blade       |       |       |       |       |       |   657 |  3054 |  3273 |  2491 ||  9475
       Double sword      |       |       |       |       |       |       |       |       |   112 ||   112
Throw: Boomerang         |       |     8 |       |       |       |       |       |       |       ||     8
       Dart              |       |     7 |    23 |    13 |     8 |     8 |       |       |     2 ||    61
       Throwing net      |       |       |       |       |       |       |       |       |     1 ||     1
 Cast: Animate Skeleton  |       |       |       |     6 |    44 |     4 |       |       |       ||    54
       Blink             |       |       |       |       |     3 |     6 |       |     2 |     1 ||    12
       Regeneration      |       |       |       |       |     2 |       |       |       |     5 ||     7
       Summon Forest     |       |       |       |       |       |     1 |     3 |     3 |       ||     7
       Summon Mana Viper |       |       |       |       |       |     2 |       |       |     5 ||     7
       Silence           |       |       |       |       |       |       |       |     2 |     1 ||     3
       Animate Dead      |       |       |       |       |       |       |       |       |     2 ||     2
       Summon Lightning  |       |       |       |       |       |       |       |       |     2 ||     2
       Shadow Creatures  |       |       |       |       |       |       |       |       |    14 ||    14
Invok: Reject Sacrifices |       |     1 |       |       |       |       |       |       |       ||     1
       Heroism           |       |       |    10 |    24 |    64 |    61 |     6 |     6 |    20 ||   191
       Finesse           |       |       |       |       |       |     2 |       |     1 |     4 ||     7
 Abil: Evoke Flight      |       |       |       |       |       |       |     2 |       |       ||     2
Evoke: Wand              |       |       |     6 |    40 |    29 |    12 |       |     5 |    13 ||   105
       Lightning rod     |       |       |       |       |     4 |       |       |       |       ||     4
       Lamp of fire      |       |       |       |       |     1 |       |       |       |     2 ||     3
       Box of beasts     |       |       |       |       |       |       |       |       |     3 ||     3
       Phial of floods   |       |       |       |       |       |       |       |       |     1 ||     1
       Sack of spiders   |       |       |       |       |       |       |       |       |     1 ||     1
  Use: Scroll            |       |     6 |    10 |    13 |    15 |    13 |    24 |    15 |    33 ||   129
       Potion            |       |       |     2 |       |       |     4 |     1 |       |    12 ||    19
 Stab: Sleeping          |    10 |    12 |    15 |    18 |    24 |    16 |    38 |    27 |    24 ||   184
       Distracted        |       |     1 |     1 |     2 |     4 |     5 |     6 |     9 |     7 ||    35
       Paralysed         |       |       |       |     1 |     2 |       |       |       |       ||     3
       Confused          |       |       |       |       |       |       |       |       |     3 ||     3
       Held in net/web   |       |       |       |       |       |       |       |       |     4 ||     4
  Eat: Chunk             |       |     9 |    14 |    20 |    23 |    24 |    32 |    19 |    24 ||   165
       Ration            |       |       |     1 |     5 |     8 |     8 |     3 |     6 |    10 ||    41
Armor: Skin              |     1 |    11 |     4 |     2 |    15 |    32 |    64 |    92 |    52 ||   273
Dodge: Dodged            |    11 |    63 |    96 |   132 |   251 |   481 |  1369 |  1328 |   790 ||  4521
       Deflected         |       |       |       |       |       |    26 |    53 |    17 |    26 ||   122
Block: Buckler           |     2 |       |       |       |       |       |       |       |       ||     2
       Shield            |     1 |    50 |    91 |   226 |   570 |   625 |  1422 |   677 |       ||  3662
       Reflection        |       |       |       |     4 |    19 |    13 |       |       |       ||    36
       Large shield      |       |       |       |       |       |       |       |  1011 |  1536 ||  2547
       Rpst.: Double sword |       |       |       |       |       |       |       |       |     9 ||     9

Table legend:
 A = Non-vault XP
 B = Vault XP
 C = Vault XP percentage of total XP
 D = Non-vault monster count
 E = Vault monster count
 F = Vault count percentage of total count
                 A         B        C        D         E       F
            +---------+---------+-------+---------+---------+-------
      Total |  686116 |  845252 |  55.2 |    1344 |     841 |  38.5
            +---------+---------+-------+---------+---------+-------
        D:1 |      35 |       0 |   0.0 |      20 |       0 |   0.0
        D:2 |      74 |      83 |  52.9 |      15 |       5 |  25.0
        D:3 |      65 |       0 |   0.0 |      22 |       0 |   0.0
        D:4 |     185 |       0 |   0.0 |      14 |       0 |   0.0
        D:5 |     428 |     197 |  31.5 |      17 |       1 |   5.6
        D:6 |     581 |     403 |  41.0 |      25 |       2 |   7.4
        D:7 |     876 |       0 |   0.0 |      17 |       0 |   0.0
        D:8 |    1798 |     389 |  17.8 |      37 |       1 |   2.6
        D:9 |    1440 |    2918 |  67.0 |      16 |      24 |  60.0
       D:10 |     354 |    2284 |  86.6 |       9 |      18 |  66.7
       D:11 |    2436 |       0 |   0.0 |       7 |       0 |   0.0
       D:12 |    7650 |    1890 |  19.8 |      44 |       2 |   4.3
       D:13 |    9021 |   17090 |  65.5 |      22 |      55 |  71.4
       D:14 |    9521 |    7217 |  43.1 |      26 |      25 |  49.0
       D:15 |    9345 |    7524 |  44.6 |      25 |      13 |  34.2
     Lair:1 |    4858 |       0 |   0.0 |      22 |       0 |   0.0
     Lair:2 |    3653 |       0 |   0.0 |      23 |       0 |   0.0
     Lair:3 |    3243 |    2245 |  40.9 |      10 |       1 |   9.1
     Lair:4 |    3846 |    1129 |  22.7 |      14 |       4 |  22.2
     Lair:5 |    6036 |    1849 |  23.4 |      15 |       7 |  31.8
     Lair:6 |    8046 |    9650 |  54.5 |      23 |      25 |  52.1
    Swamp:1 |    4757 |    1400 |  22.7 |      11 |       5 |  31.2
    Swamp:2 |    4903 |       0 |   0.0 |      15 |       0 |   0.0
    Swamp:3 |   14682 |       0 |   0.0 |      37 |       0 |   0.0
    Swamp:4 |    9346 |   18351 |  66.3 |      27 |      28 |  50.9
    Snake:1 |   12643 |    1625 |  11.4 |      24 |       1 |   4.0
    Snake:2 |    9322 |    4382 |  32.0 |      19 |       2 |   9.5
    Snake:3 |   30171 |    1781 |   5.6 |      60 |       1 |   1.6
    Snake:4 |   26072 |   44915 |  63.3 |      50 |      64 |  56.1
    Slime:1 |    1569 |       0 |   0.0 |       6 |       0 |   0.0
    Slime:2 |    3812 |       0 |   0.0 |       2 |       0 |   0.0
    Slime:4 |    1440 |       0 |   0.0 |       4 |       0 |   0.0
    Slime:5 |    4776 |   33484 |  87.5 |      14 |      13 |  48.1
      Orc:1 |    6138 |       0 |   0.0 |      42 |       0 |   0.0
      Orc:2 |    5310 |   14529 |  73.2 |      48 |      37 |  43.5
      Elf:1 |   20122 |    9464 |  32.0 |      29 |      14 |  32.6
      Elf:2 |   15574 |   27188 |  63.6 |      29 |      30 |  50.8
      Elf:3 |    6767 |   48750 |  87.8 |      12 |      34 |  73.9
   Vaults:1 |   18400 |   34451 |  65.2 |      37 |      56 |  60.2
   Vaults:2 |   27496 |   21713 |  44.1 |      39 |      27 |  40.9
   Vaults:3 |   11709 |   24284 |  67.5 |      24 |      40 |  62.5
   Vaults:4 |   31598 |   78908 |  71.4 |      52 |      64 |  55.2
   Depths:1 |   29353 |    1496 |   4.8 |      49 |       1 |   2.0
   Depths:2 |   46744 |   15122 |  24.4 |      63 |      12 |  16.0
   Depths:3 |   32121 |   46426 |  59.1 |      44 |      37 |  45.7
   Depths:4 |   52801 |   75247 |  58.8 |      47 |      59 |  55.7
   Depths:5 |   45995 |   61687 |  57.3 |      36 |      56 |  60.9
      Zot:1 |    9099 |    3306 |  26.7 |       5 |       2 |  28.6
      Zot:2 |    5313 |       0 |   0.0 |       3 |       0 |   0.0
      Zot:3 |   18730 |   26639 |  58.7 |       9 |       9 |  50.0
      Zot:4 |   17467 |   38034 |  68.5 |      12 |      19 |  61.3
      Zot:5 |   75507 |  151920 |  66.8 |      45 |      42 |  48.3
    Abyss:2 |     359 |       0 |   0.0 |       2 |       0 |   0.0
     WizLab |   12529 |    5282 |  29.7 |      25 |       5 |  16.7
            +---------+---------+-------+---------+---------+-------
